 Dungeon Crawl Stone Soup version 0.29.0-10-g45618ea6d2 (webtiles) character file.

Game seed: 9292581999123666548

164369 magipi the Opulent (level 17, -18/133 HPs)
             Began as a Gnoll Ice Elementalist on Sept 1, 2022.
             Was an Initiate of Gozag.
             Demolished by a spriggan berserker
             ... wielding a +1 antimagic flail
              (21 damage)
             ... on level 3 of the Swamp on Sept 2, 2022.
             The game lasted 03:06:00 (43261 turns).

magipi the Opulent (Gnoll Ice Elementalist)        Turns: 43261, Time: 03:06:01

Health: -18/133    AC: 19    Str: 12    XL:     17   Next: 85%
Magic:  18/34      EV: 15    Int: 18    God:    Gozag
Gold:   5578       SH: 14    Dex: 13    Spells: 17/42 levels left

rFire   . . .      SeeInvis +   a - +1 dagger (pain)
rCold   . . .      Faith    .   k - +2 buckler
rNeg    + . .      Spirit   .   U - +3 ring mail {Will+}
rPois   +          Reflect  +   g - +0 helmet
rElec   .          Harm     .   j - +2 cloak {Will+}
rCorr   +          Rampage  .   o - +1 pair of gloves
Will    +++..                   q - +0 pair of boots
Stlth   ++++......              r - amulet of reflection
HPRegen 0.32/turn               p - ring of poison resistance
MPRegen 0.24/turn               n - ring of Ezys {rN+ rCorr SInv}

@: no status effects
A: fangs 1, strong nose, distributed training
a: Renounce Religion, Potion Petition, Call Merchant, Bribe Branch


You were on level 3 of the Swamp.
You worshipped Gozag.
Gozag was greatly pleased with you.
You visited 6 branches of the dungeon, and saw 28 of its levels.
You also visited: Gauntlet.

You collected 9199 gold pieces.
You spent 3534 gold pieces at shops.
You paid 87 gold pieces to Gozag.

Inventory:

Hand Weapons
 a - a +1 dagger of pain (weapon)
 b - the +8 sling of Amays {flame, rF+}
   (You found it on level 7 of the Dungeon)

   Any ammunition fired from it burns those it strikes, dealing additional fire
   damage.
   rF:        It protects you from fire.
 S - the +8 scimitar of Vahoiph Doqo {vorpal, Str+4}
   (You found it on level 1 of the Lair of Beasts)

   It inflicts extra damage upon your enemies.
   Str:       It affects your strength (+4).
Missiles
 B - 3 throwing nets
 C - 17 boomerangs
 G - 2 javelins (quivered)
 N - 11 curare-tipped darts
Armour
 g - a +0 helmet (worn)
 j - a +2 cloak of willpower (worn)
 k - a +2 buckler (worn)
 o - a +1 pair of gloves (worn)
 q - a +0 pair of boots (worn)
 U - a +3 ring mail of willpower (worn)
Jewellery
 m - a ring of willpower
 n - the ring of Ezys (right hand) {rN+ rCorr SInv}
   (You bought it in a shop on level 2 of the Orcish Mines)

   [ring of positive energy]

   rN:        It protects you from negative energy.
   SInv:      It lets you see invisible.
   rCorr:     It protects you from acid and corrosion.
 p - a ring of poison resistance (left hand)
 r - an amulet of reflection (around neck)
 v - a +4 ring of protection
 K - a ring of ice
Wands
 d - a wand of digging (5)
 e - a wand of flame (12)
 y - a wand of light (1)
 F - a wand of paralysis (20)
 P - a wand of polymorph (16)
Scrolls
 s - 12 scrolls of teleportation
 t - 5 scrolls of magic mapping
 u - a scroll of enchant weapon
 w - 2 scrolls of poison
 D - 6 scrolls of immolation
 H - a scroll of silence
 L - 4 scrolls of blinking
 M - 3 scrolls of summoning
 T - 3 scrolls of fear
 Y - 2 scrolls of fog
Potions
 c - 3 potions of haste
 h - 2 potions of magic
 i - 5 potions of ambrosia
 l - a potion of heal wounds
 x - a potion of resistance
 z - 5 potions of lignification
 A - a potion of invisibility
 E - 9 potions of curing
 I - 3 potions of berserk rage
 J - 3 potions of might
 Q - 3 potions of flight
 R - 2 potions of cancellation
 W - 6 potions of mutation
Miscellaneous
 Z - a tin of tremorstones (inert)


   Skills:
 + Level 12.2 Fighting
 + Level 12.2 Short Blades
 + Level 12.2 Long Blades
 + Level 12.2 Axes
 + Level 12.2 Maces & Flails
 + Level 12.2 Polearms
 + Level 12.2 Staves
 + Level 12.2 Ranged Weapons
 + Level 12.2 Throwing
 + Level 12.2 Armour
 + Level 13.0 Dodging
 + Level 12.9 Stealth
 + Level 12.2 Shields
 + Level 12.2 Unarmed Combat
 + Level 13.1 Spellcasting
 + Level 10.3 Conjurations
 + Level 10.3 Hexes
 + Level 10.3 Summonings
 + Level 10.3 Necromancy
 + Level 10.3 Translocations
 + Level 10.3 Transmutations
 + Level 10.3 Fire Magic
 + Level 12.4 Ice Magic
 + Level 10.3 Air Magic
 + Level 10.3 Earth Magic
 + Level 10.3 Poison Magic
 + Level 13.2 Invocations
 + Level 12.2 Evocations


You had 17 spell levels left.
You knew the following spells:

 Your Spells              Type           Power      Damage    Failure   Level
a - Freeze                Ice            100%       1d11      1%          1
b - Frozen Ramparts       Ice            100%       1d16      1%          3
c - Summon Ice Beast      Ice/Summ       52%        N/A       1%          4
d - Foxfire               Conj/Fire      100%       2x1d9     1%          1
l - Summon Lightning Spi  Summ/Air       49%        N/A       1%          4
o - Ozocubu's Armour      Ice            54%        N/A       1%          3
t - Tukima's Dance        Hex            49%        N/A       1%          3
w - Passwall              Tmut/Erth      40%        N/A       1%          2
x - Airstrike             Air            24%        2d(4-20)  1%          4

Your spell library contained the following spells:

 Spells                   Type           Power      Damage    Failure   Level
 Necrotise                Necr           100%       1d9       1%          1
 Summon Small Mammal      Summ           100%       N/A       1%          1
 Ensorcelled Hibernation  Hex/Ice        100%       N/A       1%          2
 Call Canine Familiar     Summ           49%        N/A       1%          3
 Conjure Flame            Conj/Fire      49%        6-21      1%          3
 Dazzling Flash           Conj/Hex       98%        N/A       1%          3
 Inner Flame              Hex/Fire       49%        N/A       1%          3
 Summon Guardian Golem    Hex/Summ       49%        N/A       1%          3
 Swiftness                Air            49%        N/A       1%          3
 Vampiric Draining        Necr           49%        2d9       1%          3
 Flame Wave               Conj/Fire      49%        2d12      1%          4
 Hailstorm                Conj/Ice       52%        3d12      1%          4
 Passage of Golubria      Tloc           49%        N/A       1%          4
 Agony                    Necr           49%        N/A       4%          5
 Lightning Bolt           Conj/Air       24%        1d40      4%          5
 Silence                  Hex/Air        24%        N/A       4%          5
 Summon Mana Viper        Hex/Summ       49%        N/A       4%          5
 Yara's Violent Unravell  Hex/Tmut       24%        3d11      4%          5
 Monstrous Menagerie      Summ           24%        N/A       83%         7
 Lehudib's Crystal Spear  Conj/Erth      24%        10d7      100%        8


Dungeon Overview and Level Annotations

Branches:
Dungeon (15/15)            Temple (1/1) D:5            Lair (5/5) D:8
  Swamp (4/4) Lair:2       Spider (1/4) Lair:2        Slime (0/5) Lair:5
    Orc (2/2) D:9             Elf (0/3) Orc:2        Vaults (0/5) D:13
 Depths (0/4) D:15        Gauntlet (visited)

Altars:
Ashenzari
Cheibriados
Dithmenos
Elyvilon
Fedhas
Gozag
Hepliaklqana
Kikubaaqudgha
Makhleb
Nemelex Xobeh
Okawaru
Qazlal
Ru
Sif Muna
Trog
Uskayaw
Vehumet
Wu Jian
Xom
Yredelemnul
Zin
The Shining One
Jiyva

Shops:
D:2 *   D:4 :(:!   D:8 **   D:15 *   Orc:2 :=!!(

Annotations:
D:12 2 transporters, sanka's ghost, journeyman TrCA
Temple 2 transporters
Spider:1 Kirke; Mlioglotl
Orc:1 3 runed translucent doors, kernmantle's ghost, journeyman OpWn


Innate Abilities, Weirdness & Mutations

You have very sharp teeth.
Your uncanny sense of smell can sniff out nearby items.
Your experience applies equally to all skills.


Message History

The spriggan air mage waves its arms in wide circles.
The air twists around and strikes you!!
Your ice beast hits the spriggan berserker but does no damage.
The spriggan berserker hits you with a +1 antimagic flail!
You feel your power leaking away.
Unknown command.
Unknown command.
Your ice beast misses the spriggan berserker.
Unknown command.
Unknown command.
Unknown command.
The +8 sling of Amays {flame, rF+} stops flaming.
A searing pain shoots up your arm!
a - a +1 dagger of pain (weapon)
You block the spriggan berserker's attack.
Your ice beast barely misses the spriggan berserker.
The spriggan berserker hits you with a +1 antimagic flail!!
You feel your power leaking away.
Really release a tremorstone near your ice beast?
The tremorstone explodes into fragments!
The burst of rock shards engulfs your ice beast!
The burst of rock shards engulfs your ice beast!!
You kill your ice beast!
Your ice beast disappears in a puff of smoke!
The burst of rock shards engulfs the spriggan air mage!
The burst of rock shards engulfs the spriggan berserker!!
The burst of rock shards engulfs you!
* * * LOW HITPOINT WARNING * * *
The burst of rock shards engulfs the spriggan air mage!
The burst of rock shards engulfs the spriggan berserker!
The tin is emptied!
The spriggan berserker hits you with a +1 antimagic flail!
* * * LOW HITPOINT WARNING * * *
You feel your power leaking away.
The spriggan air mage waves its arms in wide circles.
The air twists around and strikes you!!
* * * LOW HITPOINT WARNING * * *
The spriggan berserker hits you with a +1 antimagic flail!!
You die...
Your body crumbles into a pile of gold.

♣♣♣♣♣♣♣♣♣
♣...§~~.♣♣♣
♣♣♣♣#.#~#ii@.~.♣
♣♣..##..§####♣..♣♣
♣.#..#.i.#.~##...♣
♣#.>.#...#.>.#.).♣
#..##~i###$)#♣..♣
##~##..~ ∆##[.#..♣
#...#... ∆ ♣.~...♣
♣♣♣♣#♣~.# ♣.~~~.♣
♣.♣♣.)♣♣#$$$$$
♣~♣#♣♣♣


You could see a spriggan berserker (berserk) and a spriggan air mage (repels
missiles).

Vanquished Creatures
  Jorgrun (Orc:1)
  A thorn hunter (Swamp:2)
  A fenstrider witch (Swamp:1)
  An orc warlord (Orc:1)
  An emperor scorpion (Spider:1)
  A stone giant (D:15)
  Nessos (Lair:5)
  2 eleionomae
  3 bunyips
  Harold (Lair:2)
  Josephine (D:14)
  A rakshasa (D:15)
  A boulder beetle (D:14)
  A spriggan air mage (Swamp:4)
  2 vault guards (D:13)
  20 hydras
  A ghost crab (Swamp:2)
  An ogre mage (D:15)
  3 centaur warriors
  Erica (D:11)
  A catoblepas (Lair:3)
  5 alligators
  2 orc high priests (Orc:2)
  3 tengu warriors
  9 two-headed ogres
  2 spriggan berserkers (Swamp:3)
  Sonja (D:10)
  Nergalle (Lair:2)
  A pharaoh ant (Spider:1)
  2 skeletal warriors (D:13)
  5 spriggan druids
  A goliath frog (Swamp:2)
  5 bog bodies
  5 swamp dragons
  Pikel (D:7)
  A deep elf pyromancer (D:13)
  6 orc knights (Orc:2)
  9 orc sorcerers
  A wolf spider (Lair:2)
  A moth of wrath (Spider:1)
  15 ugly things
  2 will-o-the-wisps
  26 elephants
  3 cyclopes
  A gargoyle (D:12)
  A torpor snail (Lair:5)
  11 cane toads
  2 unseen horrors
  4 komodo dragons
  A demonic crawler (Spider:1)
  2 kobold demonologists (D:12)
  7 rime drakes
  A tengu conjurer (D:14)
  6 trolls
  3 meliai (D:15)
  4 polar bears
  5 tyrant leeches
  12 hornets
  9 slime creatures
  8 blink frogs (Lair:4)
  A dream sheep (Lair:5)
  24 spriggans
  8 wraiths
  4 jumping spiders
  Sigmund (D:6)
  40 yaks
  A yak (shapeshifter) (D:13)
  Eustachio (D:6)
  A shadow (D:11)
  11 basilisks
  2 hogs (Spider:1)
  9 humans (D:13)
  4 wyverns
  A steam dragon (D:9)
  A golden eye (shapeshifter) (D:15)
  6 redbacks
  6 vampire mosquitoes
  Edmund (D:5)
  2 wargs
  Menkaure (D:6)
  21 swamp worms
  2 acid dragons
  14 water moccasins
  7 black bears
  25 orc warriors
  4 swamp drakes
  A sky beast (D:7)
  3 boggarts (Lair:5)
  5 ogres
  27 wolves
  8 centaurs
  2 phantoms
  A kobold brigand (D:12)
  2 lemures (D:7)
  3 necrophages (D:6)
  A cane toad simulacrum (Lair:1)
  13 bullfrogs
  3 scorpions
  A gnoll sergeant (D:11)
  11 wights
  18 killer bees
  8 electric eels
  4 lava snakes (Lair:3)
  3 gnoll boudas
  8 hounds
  6 jellies
  15 orc priests
  Jessica (D:3)
  Natasha (thrice) (D:3)
  6 iguanas
  30 orc wizards
  3 hell rats (Lair:3)
  2 wolf simulacra (Lair:1)
  7 adders
  13 gnolls
  3 white imps
  An ufetubus (D:4)
  3 worms
  2 dart slugs
  67 orcs
  7 bats
  10 endoplasms
  2 giant cockroaches
  10 goblins
  6 hobgoblins
  2 jackals (D:1)
  5 quokkas
  8 ball pythons
  A frilled lizard (D:2)
  9 kobolds
  6 rats
  A butterfly (Lair:2)
779 creatures vanquished.

Vanquished Creatures (collateral kills)
  A tentacled monstrosity (Swamp:3)
  2 eleionomae
  3 bunyips
  5 hydras
  An alligator (Swamp:2)
  An orc high priest (Orc:2)
  3 skeletal warriors (D:13)
  A goliath frog (Swamp:3)
  An orb spider (Spider:1)
  2 bog bodies (Swamp:2)
  A swamp dragon (Swamp:3)
  A black mamba (Lair:1)
  2 molten gargoyles (Lair:3)
  A gargoyle (D:9)
  A cane toad (Lair:2)
  A demonic crawler (Spider:1)
  4 hornets
  A polar bear (Lair:5)
  A tyrant leech (Swamp:2)
  3 slime creatures
  A culicivora (Spider:1)
  5 spriggans
  A jumping spider (Spider:1)
  A wyvern (Lair:3)
  5 yaks
  A vampire mosquito (D:12)
  2 water moccasins
  An acid dragon (D:14)
  3 orc warriors (Orc:2)
  4 wolves (Lair:5)
  A boggart (Lair:5)
  2 bullfrogs
  A lava snake (Lair:3)
  An iguana (Lair:2)
  An orc wizard (Orc:2)
  6 orcs
72 creatures vanquished.

Vanquished Creatures (others)
  4 bloated husks
  A tyrant leech (Swamp:3)
  A human (D:13)
  32 foxfires
  38 fungi
  172 plants
248 creatures vanquished.

Grand Total: 1099 creatures vanquished

Notes
Turn   | Place    | Note
-------+----------+-------------------------------------------
     0 | D:1      | magipi the Gnoll Ice Elementalist began the quest for the
                  | Orb.
     0 | D:1      | Reached XP level 1. HP: 13/13 MP: 6/6
   250 | D:1      | Reached XP level 2. HP: 19/19 MP: 5/7
   670 | D:2      | Reached skill level 5 in Spellcasting
   670 | D:2      | Reached XP level 3. HP: 21/25 MP: 5/9
   743 | D:2      | Found a faded altar of an unknown god.
   775 | D:2      | Reached skill level 1 in Invocations
   922 | D:2      | You fall into a shaft and drop 2 floors!
   946 | D:4      | Noticed a scorpion
   949 | D:4      | Killed a scorpion
   950 | D:4      | Reached skill level 1 in Fighting
   950 | D:4      | Reached skill level 1 in Short Blades
   950 | D:4      | Reached skill level 1 in Long Blades
   950 | D:4      | Reached skill level 1 in Axes
   950 | D:4      | Reached skill level 1 in Maces & Flails
   950 | D:4      | Reached skill level 1 in Polearms
   950 | D:4      | Reached skill level 1 in Staves
   950 | D:4      | Reached skill level 1 in Ranged Weapons
   950 | D:4      | Reached skill level 1 in Throwing
   950 | D:4      | Reached skill level 1 in Armour
   950 | D:4      | Reached skill level 1 in Shields
   950 | D:4      | Reached skill level 1 in Unarmed Combat
   950 | D:4      | Reached skill level 1 in Conjurations
   950 | D:4      | Reached skill level 1 in Hexes
   950 | D:4      | Reached skill level 1 in Summonings
   950 | D:4      | Reached skill level 1 in Necromancy
   950 | D:4      | Reached skill level 1 in Translocations
   950 | D:4      | Reached skill level 1 in Transmutations
   950 | D:4      | Reached skill level 1 in Fire Magic
   950 | D:4      | Reached skill level 1 in Air Magic
   950 | D:4      | Reached skill level 1 in Earth Magic
   950 | D:4      | Reached skill level 1 in Poison Magic
   950 | D:4      | Reached skill level 1 in Evocations
   950 | D:4      | Reached XP level 4. HP: 20/32 MP: 9/11
  1205 | D:4      | Found an ancient bone altar of Kikubaaqudgha.
  1205 | D:4      | Found a stormy altar of Qazlal.
  1205 | D:4      | Found a blossoming altar of Fedhas.
  1205 | D:4      | Found a snail-covered altar of Cheibriados.
  1206 | D:4      | Found a glowing golden altar of the Shining One.
  1206 | D:4      | Found an ornate altar of the Wu Jian Council.
  1207 | D:4      | Found a radiant altar of Vehumet.
  1207 | D:4      | Found a hazy altar of Hepliaklqana.
  1207 | D:4      | Found a basalt altar of Yredelemnul.
  1221 | D:4      | Found Hycsebae's Antique Weapon Shoppe.
  1223 | D:4      | Found Jyph's Book Shoppe.
  1445 | D:4      | Reached XP level 5. HP: 37/37 MP: 9/12
  1452 | D:4      | Learned a level 3 spell: Frozen Ramparts
  1506 | D:4      | Noticed a phantom
  1546 | D:4      | Killed a phantom
  1642 | D:4      | Found Joeleiskaem's Book Shoppe.
  1642 | D:4      | Found Xeogoto's Distillery.
  1656 | D:4      | Reached XP level 6. HP: 44/44 MP: 10/14
  1669 | D:4      | Bought a potion of heal wounds for 55 gold pieces
  2060 | D:2      | Found Atwudgho's General Store.
  2091 | D:2      | Bought a scroll of identify for 24 gold pieces
  2091 | D:2      | Bought a scroll of identify for 24 gold pieces
  2118 | D:2      | Noticed a black bear
  2130 | D:2      | Killed a black bear
  2131 | D:2      | Reached skill level 5 in Dodging
  2454 | D:3      | Noticed Jessica
  2500 | D:3      | Killed Jessica
  2626 | D:3      | Noticed Natasha
  2637 | D:3      | Killed Natasha
  2893 | D:3      | Reached XP level 7. HP: 50/50 MP: 15/15
  3036 | D:3      | Noticed Natasha
  3046 | D:3      | Killed Natasha
  3147 | D:3      | Noticed Natasha
  3155 | D:3      | Killed Natasha
  3610 | D:4      | Reached skill level 5 in Stealth
  3742 | D:5      | Entered Level 5 of the Dungeon
  3765 | D:5      | Identified a scroll of acquirement
  3765 | D:5      | Acquired a ring of poison resistance
  3774 | D:5      | Noticed Edmund
  3781 | D:5      | Killed Edmund
  4069 | D:5      | Found a staircase to the Ecumenical Temple.
  4154 | Temple   | Entered the Ecumenical Temple
  4154 | Temple   | Found a transporter.
  4154 | Temple   | Found a transporter.
  4156 | Temple   | Found a transporter.
  4156 | Temple   | Found a transporter.
  4169 | Temple   | Became a worshipper of Gozag Ym Sagoz the Greedy
  4299 | D:5      | Reached XP level 8. HP: 54/58 MP: 12/16
  4862 | D:6      | Learned a level 3 spell: Ozocubu's Armour
  5065 | D:6      | Noticed Sigmund
  5338 | D:6      | Noticed a wraith
  5369 | D:6      | Noticed Menkaure
  5510 | D:6      | Killed Menkaure
  5511 | D:6      | Reached XP level 9. HP: 60/65 MP: 15/18
  5858 | D:6      | Noticed Eustachio
  5897 | D:6      | Killed Eustachio
  6144 | D:6      | Learned a level 1 spell: Foxfire
  6375 | D:7      | Learned a level 3 spell: Inner Flame
  6382 | D:7      | Learned a level 3 spell: Tukima's Dance
  6408 | D:7      | Noticed Pikel
  6429 | D:7      | Killed Pikel
  6430 | D:7      | Reached skill level 5 in Invocations
  7317 | D:6      | Killed Sigmund
  7318 | D:6      | Reached skill level 5 in Fighting
  7318 | D:6      | Reached skill level 5 in Short Blades
  7318 | D:6      | Reached skill level 5 in Long Blades
  7318 | D:6      | Reached skill level 5 in Axes
  7318 | D:6      | Reached skill level 5 in Maces & Flails
  7318 | D:6      | Reached skill level 5 in Polearms
  7318 | D:6      | Reached skill level 5 in Staves
  7318 | D:6      | Reached skill level 5 in Ranged Weapons
  7318 | D:6      | Reached skill level 5 in Throwing
  7318 | D:6      | Reached skill level 5 in Armour
  7318 | D:6      | Reached skill level 5 in Shields
  7318 | D:6      | Reached skill level 5 in Unarmed Combat
  7318 | D:6      | Reached skill level 5 in Evocations
  7318 | D:6      | Reached XP level 10. HP: 70/74 MP: 13/20
  7533 | D:7      | Identified the +8 sling of Amays {flame, rF+}
  7667 | D:8      | Noticed a two-headed ogre
  7679 | D:8      | Killed a two-headed ogre
  7769 | D:8      | Found Zaiwk's Gadget Gallery.
  8697 | D:8      | Bought a wand of flame (6) for 50 gold pieces
  8897 | D:8      | Found Dyet Luu's Assorted Antiques.
  8906 | D:8      | Bought a scroll labelled EPYCWA CAMYAL for 34 gold pieces
  8906 | D:8      | Bought a scroll labelled SUERGH GEROOMYTH for 34 gold
                  | pieces
  8906 | D:8      | Bought a potion of curing for 102 gold pieces
  8906 | D:8      | Bought a scroll of blinking for 255 gold pieces
  8906 | D:8      | Bought a potion of curing for 102 gold pieces
  9072 | D:8      | Found a staircase to the Lair.
  9174 | D:8      | Reached skill level 5 in Conjurations
  9174 | D:8      | Reached skill level 5 in Hexes
  9174 | D:8      | Reached skill level 5 in Summonings
  9174 | D:8      | Reached skill level 5 in Necromancy
  9174 | D:8      | Reached skill level 5 in Translocations
  9174 | D:8      | Reached skill level 5 in Transmutations
  9174 | D:8      | Reached skill level 5 in Fire Magic
  9174 | D:8      | Reached skill level 5 in Air Magic
  9174 | D:8      | Reached skill level 5 in Earth Magic
  9174 | D:8      | Reached skill level 5 in Poison Magic
  9177 | D:8      | Reached XP level 11. HP: 57/81 MP: 19/22
 10092 | D:4      | Bought a book of Beasts for 380 gold pieces
 10100 | D:4      | Learned a level 4 spell: Summon Ice Beast
 10582 | D:9      | Noticed a two-headed ogre
 10607 | D:9      | Killed a two-headed ogre
 11102 | D:9      | Found a staircase to the Orcish Mines.
 11445 | D:10     | Entered Level 10 of the Dungeon
 11730 | D:10     | Noticed a two-headed ogre
 11748 | D:10     | Killed a two-headed ogre
 12396 | D:10     | Noticed Sonja
 12408 | D:10     | Killed Sonja
 13027 | D:11     | Noticed a cyclops
 13055 | D:11     | Noticed Erica
 13065 | D:11     | Killed a cyclops
 13081 | D:11     | Killed Erica
 13082 | D:11     | Reached XP level 12. HP: 83/91 MP: 18/24
 13736 | D:12     | Found a transporter.
 13740 | D:12     | Found a transporter.
 13829 | D:12     | Noticed a four-headed hydra
 13862 | D:12     | Killed a four-headed hydra
 13863 | D:12     | Noticed sanka's ghost (journeyman TrCA)
 14058 | D:12     | Noticed a two-headed ogre
 14079 | D:12     | Killed a two-headed ogre
 14812 | Lair:1   | Entered Level 1 of the Lair of Beasts
 14812 | Lair:1   | Noticed a five-headed hydra
 14824 | Lair:1   | Killed a five-headed hydra
 14846 | Lair:1   | Noticed a four-headed hydra
 14870 | Lair:1   | Killed a four-headed hydra
 15287 | Lair:1   | Noticed a five-headed hydra
 15298 | Lair:1   | Killed a five-headed hydra
 15420 | Lair:1   | Identified the +8 scimitar of Vahoiph Doqo {vorpal, Str+4}
 15424 | Lair:1   | Noticed a four-headed hydra
 15437 | Lair:1   | Killed a four-headed hydra
 16457 | Lair:2   | Reached XP level 13. HP: 57/98 MP: 23/26
 17007 | Lair:2   | Reached skill level 10 in Ice Magic
 17017 | Lair:2   | Noticed Nergalle
 17225 | Lair:2   | Reached skill level 10 in Spellcasting
 17225 | Lair:2   | Reached XP level 14. HP: 106/106 MP: 26/28
 17253 | Lair:2   | Found a hole to the Spider Nest.
 17276 | Lair:2   | Noticed Harold
 17299 | Lair:2   | Killed Harold
 17424 | Lair:2   | Reached skill level 10 in Dodging
 17553 | Lair:2   | Found a staircase to the Swamp.
 18018 | Lair:3   | Reached skill level 10 in Stealth
 18665 | Lair:3   | Reached skill level 10 in Invocations
 19233 | Lair:3   | You fall into a shaft and drop 1 floor!
 20605 | Lair:4   | Reached XP level 15. HP: 103/115 MP: 20/29
 21157 | Lair:5   | Entered Level 5 of the Lair of Beasts
 21188 | Lair:5   | Noticed Nessos
 21204 | Lair:5   | Killed Nessos
 21538 | Lair:5   | Reached skill level 10 in Fighting
 21538 | Lair:5   | Reached skill level 10 in Short Blades
 21538 | Lair:5   | Reached skill level 10 in Long Blades
 21538 | Lair:5   | Reached skill level 10 in Axes
 21538 | Lair:5   | Reached skill level 10 in Maces & Flails
 21538 | Lair:5   | Reached skill level 10 in Polearms
 21538 | Lair:5   | Reached skill level 10 in Staves
 21538 | Lair:5   | Reached skill level 10 in Ranged Weapons
 21538 | Lair:5   | Reached skill level 10 in Throwing
 21538 | Lair:5   | Reached skill level 10 in Armour
 21538 | Lair:5   | Reached skill level 10 in Shields
 21538 | Lair:5   | Reached skill level 10 in Unarmed Combat
 21538 | Lair:5   | Reached skill level 10 in Evocations
 22104 | Lair:5   | Learned a level 4 spell: Summon Lightning Spire
 22154 | Lair:5   | Found a staircase to the Slime Pits.
 22154 | Lair:5   | Found a viscous altar of Jiyva.
 22195 | Lair:5   | Learned a level 2 spell: Passwall
 22996 | Lair:5   | Paralysed by a hornet for 1 turns
 23649 | D:2      | Bought a tin of tremorstones (2/2) for 480 gold pieces
 23649 | D:2      | Bought a wand of light (2) for 100 gold pieces
 23748 | D:4      | Bought a blackened short sword for 176 gold pieces
 23748 | D:4      | Identified the +8 short sword "Beetlebane" {vorpal, rC-
                  | Str+3 Stlth+} (You bought it in a shop on level 4 of the
                  | Dungeon)
 23864 | D:8      | Bought a wand of paralysis (7) for 201 gold pieces
 23928 | Orc:1    | Entered Level 1 of the Orcish Mines
 23953 | Orc:1    | Noticed Jorgrun
 24148 | Orc:1    | Killed Jorgrun
 24368 | Orc:2    | Entered Level 2 of the Orcish Mines
 24550 | Orc:2    | Found a staircase to the Elven Halls.
 24831 | Orc:1    | Found a runed translucent gate.
 24831 | Orc:1    | Found a runed translucent gate.
 24831 | Orc:1    | Found a runed translucent gate.
 24850 | Orc:1    | Noticed kernmantle's ghost (journeyman OpWn)
 25263 | Orc:1    | Noticed an orc warlord
 25515 | Orc:2    | Found Kuysy's Book Boutique.
 25810 | Orc:2    | Noticed an orc warlord
 26145 | Orc:1    | Killed an orc warlord
 27603 | Orc:2    | Reached XP level 16. HP: 72/121 MP: 23/31
 27984 | Orc:2    | Found Feam's Distillery.
 27984 | Orc:2    | Found Nudiqeig's Jewellery Emporium.
 27989 | Orc:2    | Found Xarredo's Weapon Boutique.
 27989 | Orc:2    | Found Yxept's Distillery.
 27997 | Orc:2    | Bought a potion of invisibility for 80 gold pieces
 27997 | Orc:2    | Bought a potion of haste for 100 gold pieces
 27999 | Orc:2    | Bought 2 javelins for 19 gold pieces
 28015 | Orc:2    | Bought a potion of heal wounds for 90 gold pieces
 28017 | Orc:2    | Bought the ring of Ezys {rN+ rCorr SInv} for 441 gold
                  | pieces
 28035 | Orc:2    | Bought a ring of willpower for 300 gold pieces
 28035 | Orc:2    | Bought a ring of ice for 300 gold pieces
 28050 | Orc:2    | Found Xarredo's Weapon Boutique.
 28052 | Orc:2    | Found Feam's Distillery.
 28054 | Orc:2    | Found Yxept's Distillery.
 28156 | Orc:2    | Found Kuysy's Book Boutique.
 28174 | Orc:2    | Found a staircase to the Elven Halls.
 29125 | D:13     | Found a gate leading to a gauntlet.
 29155 | Gauntlet | Entered a Gauntlet
 29155 | Gauntlet | Found a transporter.
 29164 | Gauntlet | Found a transporter.
 29165 | Gauntlet | Found a transporter.
 29166 | Gauntlet | Found a transporter.
 29169 | Gauntlet | Found a transporter.
 29170 | Gauntlet | Found a transporter.
 29178 | Gauntlet | Found a transporter.
 29180 | Gauntlet | Found a transporter.
 29197 | Gauntlet | Found a transporter.
 29216 | Gauntlet | Found a transporter.
 29218 | Gauntlet | Found a transporter.
 29230 | Gauntlet | Found a transporter.
 30735 | D:13     | Found a gate to the Vaults.
 31173 | D:14     | Noticed Josephine
 31211 | D:14     | Killed Josephine
 31334 | D:14     | Found a glowing silver altar of Zin.
 31336 | D:14     | Found a shimmering altar of Xom.
 31336 | D:14     | Found a shimmering altar of Xom.
 31338 | D:14     | Found an opulent altar of Gozag.
 31338 | D:14     | Found a sparkling altar of Nemelex Xobeh.
 31338 | D:14     | Found a bloodstained altar of Trog.
 31527 | D:15     | Entered Level 15 of the Dungeon
 31781 | D:15     | Found a staircase to the Depths.
 31881 | D:15     | Found Gyilly's Assorted Antiques.
 31889 | D:15     | Bought an embroidered cloak for 187 gold pieces
 33120 | Spider:1 | Entered Level 1 of the Spider Nest
 33163 | Spider:1 | Noticed Kirke
 33657 | Spider:1 | Noticed Mlioglotl
 33850 | Lair:2   | Killed Nergalle
 33939 | Swamp:1  | Entered Level 1 of the Swamp
 34325 | Lair:2   | Reached XP level 17. HP: 121/131 MP: 26/33
 35480 | Swamp:1  | Learned a level 4 spell: Airstrike
 37310 | Swamp:2  | Reached skill level 10 in Conjurations
 37310 | Swamp:2  | Reached skill level 10 in Hexes
 37310 | Swamp:2  | Reached skill level 10 in Summonings
 37310 | Swamp:2  | Reached skill level 10 in Necromancy
 37310 | Swamp:2  | Reached skill level 10 in Translocations
 37310 | Swamp:2  | Reached skill level 10 in Transmutations
 37310 | Swamp:2  | Reached skill level 10 in Fire Magic
 37310 | Swamp:2  | Reached skill level 10 in Air Magic
 37310 | Swamp:2  | Reached skill level 10 in Earth Magic
 37310 | Swamp:2  | Reached skill level 10 in Poison Magic
 39388 | Swamp:3  | Noticed a tentacled monstrosity
 39403 | Swamp:3  | Killed a tentacled monstrosity
 40366 | Swamp:4  | Entered Level 4 of the Swamp
 43261 | Swamp:3  | HP: 3/133 [spriggan air mage/the air (18)]
 43261 | Swamp:3  | Demolished by a spriggan berserker

Illustrated notes

Levels and vault maps discovered:
D:1:      nicolae_arrival_memento_mori, layout_rooms
D:2:      layout_loops_ring, shapermc_ecumenical_altar_mp_highgroup,
          serial_shops, shop_fountains
D:3:      layout_basic, uniq_natasha, uniq_jessica
D:4:      layout_gridville, nicolae_overflows_in_rows, minmay_shop_grid_forest
D:5:      layout_basic, minmay_temple_entry_proselytizer,
          corexii_item_surrounded_by_moat, serial_bayou_lagoon_b, uniq_edmund
D:6:      minmay_skewed_foursquare, layout_basic, uniq_menkaure, uniq_eustachio,
          uniq_sigmund
D:7:      layout_cave_pools, enter_bailey_5, grunt_decor_clamped,
          nicolae_sextant, chequers_serial_rivers_micro_a,
          amcnicky_mini_corridor_feature, uniq_pikel
D:8:      layout_gridville, erik_lair_island, serial_shops,
          nicolae_lakefront_shop, nicolae_shop_gadgets
D:9:      layout_basic, orc_0_dummy
D:10:     layout_cross, uniq_sonja
D:11:     layout_basic, uniq_erica
D:12:     layout_long_grid, gammafunk_ghost_hive, nicolae_figureground_pulse
D:13:     layout_roguey, ximxim_vaults_locker_room, gauntlet_entry_generic
D:14:     layout_basic, doesnt_xom_only_xom, uniq_josephine
D:15:     grunt_enter_depths_snipers, layout_loops_cross, wad_floor_pattern_2,
          serial_shops, shop, eino_tiny_chamber, small_statue_alley_a
Temple:   hellmonk_temple_divided_pantheon
Lair:1:   layout_regular_city, portal_ice_cave_entry_ice_simulacra,
          nicolae_quartered_pool_little, beast_lair_carwin_5,
          serial_bayou_shore_a, grunt_megastairs_1
Lair:2:   layout_regular_city, minmay_swamp_entry_reptiles,
          spider_nest_entry_webs, grunt_megastairs_2, lemuel_fruit_fields,
          uniq_harold, uniq_nergalle
Lair:3:   cheibrodos_magma_flow, layout_long_grid, serial_bayou,
          serial_bayou_pond_a, serial_bayou_pond_e, serial_bayou_pond_c,
          serial_bayou_lagoon_a, serial_bayou_pond_e, serial_bayou_pond_c,
          special_room [special_room_mythical_zoo], st_stairs_9,
          serial_bayou_lake_a, infiniplex_staircase_pool
Lair:4:   layout_roguey
Lair:5:   minmay_lair_end_enchanted_forest, layout_regular_city,
          minmay_slime_entry_pillars, uniq_nessos
Swamp:1:  layout_basic_swamp, evilmike_swamp_ruin_house_5
Swamp:2:  layout_falls_marsh, hangedman_swamp_blocks
Swamp:3:  nicolae_swamp_secret_spriggan_hideout, layout_basic_swamp,
          serial_swamp_ruin, evilmike_swamp_ruin_house_6,
          evilmike_swamp_ruin_house_1
Swamp:4:  swamp_old_school, layout_basic_swamp
Spider:1: layout_cave_pods, uniq_roxanne, uniq_kirke, uniq_mlioglotl
Orc:1:    layout_caves, gammafunk_ghost_split, uniq_jorgrun
Orc:2:    st_orc_elflike, layout_caves, serial_shops, shop

Skill      XL: |  1  2  3  4  5  6  7  8  9 10 11 12 13 14 15 16 17 |
---------------+----------------------------------------------------+-----
Spellcasting   | 5 6 7 8 9 10 11 12 13 | 13.1
Invocations    | 1 2 3 4 5 6 7 8 9 10 11 12 13 | 13.2
Fighting       | 1 2 3 4 5 6 7 8 9 10 11 12 | 12.2
Short Blades   | 1 2 3 4 5 6 7 8 9 10 11 12 | 12.2
Long Blades    | 1 2 3 4 5 6 7 8 9 10 11 12 | 12.2
Axes           | 1 2 3 4 5 6 7 8 9 10 11 12 | 12.2
Maces & Flails | 1 2 3 4 5 6 7 8 9 10 11 12 | 12.2
Polearms       | 1 2 3 4 5 6 7 8 9 10 11 12 | 12.2
Staves         | 1 2 3 4 5 6 7 8 9 10 11 12 | 12.2
Ranged Weapons | 1 2 3 4 5 6 7 8 9 10 11 12 | 12.2
Throwing       | 1 2 3 4 5 6 7 8 9 10 11 12 | 12.2
Armour         | 1 2 3 4 5 6 7 8 9 10 11 12 | 12.2
Shields        | 1 2 3 4 5 6 7 8 9 10 11 12 | 12.2
Unarmed Combat | 1 2 3 4 5 6 7 8 9 10 11 12 | 12.2
Conjurations   | 1 2 3 4 5 6 7 8 9 10 | 10.3
Hexes          | 1 2 3 4 5 6 7 8 9 10 | 10.3
Summonings     | 1 2 3 4 5 6 7 8 9 10 | 10.3
Necromancy     | 1 2 3 4 5 6 7 8 9 10 | 10.3
Translocations | 1 2 3 4 5 6 7 8 9 10 | 10.3
Transmutations | 1 2 3 4 5 6 7 8 9 10 | 10.3
Fire Magic     | 1 2 3 4 5 6 7 8 9 10 | 10.3
Air Magic      | 1 2 3 4 5 6 7 8 9 10 | 10.3
Earth Magic    | 1 2 3 4 5 6 7 8 9 10 | 10.3
Poison Magic   | 1 2 3 4 5 6 7 8 9 10 | 10.3
Evocations     | 1 2 3 4 5 6 7 8 9 10 11 12 | 12.2
Dodging        | 5 6 7 8 9 10 11 12 13 | 13.0
Stealth        | 5 6 7 8 9 10 11 12 | 12.9
Ice Magic      | 8 9 10 11 12 | 12.4

Action                   |  1- 3 |  4- 6 |  7- 9 | 10-12 | 13-15 | 16-18 || total
-------------------------+-------+-------+-------+-------+-------+-------++-------
Melee: Unarmed           |     4 |       |     4 |       |       |       ||     8
       Dagger            |    14 |    80 |   207 |   349 |   985 |   145 ||  1780
       Bite              |       |    10 |    29 |    52 |   156 |    15 ||   262
       Punch             |       |     1 |    10 |    25 |    68 |       ||   104
       Flail             |       |       |    21 |    75 |       |       ||    96
 Fire: Sling             |       |       |       |       |   209 |  1258 ||  1467
Throw: Boomerang         |       |       |       |    48 |    24 |       ||    72
       Javelin           |       |       |       |       |       |     2 ||     2
 Cast: Freeze            |    35 |    16 |    37 |    62 |    41 |    30 ||   221
       Frozen Ramparts   |       |    11 |    36 |    72 |    86 |    37 ||   242
       Foxfire           |       |       |     5 |       |       |     1 ||     6
       Summon Ice Beast  |       |       |       |    30 |    46 |    37 ||   113
       Ozocubu's Armour  |       |       |       |       |    44 |    50 ||    94
       Summon Lightning  |       |       |       |       |     2 |     5 ||     7
       Airstrike         |       |       |       |       |       |     4 ||     4
Evoke: Wand              |       |       |       |    10 |    23 |    11 ||    44
       Tin of tremorston |       |       |       |       |     2 |     7 ||     9
  Use: Scroll            |       |     5 |     9 |    14 |     7 |     4 ||    39
       Potion            |       |       |     5 |       |     2 |     6 ||    13
 Stab: Sleeping          |     9 |    11 |    11 |     8 |     9 |     1 ||    49
       Distracted        |       |     1 |       |     2 |     4 |     2 ||     9
       Invisible         |       |       |       |       |     3 |     1 ||     4
       Paralysed         |       |       |       |       |       |     1 ||     1
Armor: Robe              |     5 |    12 |    41 |    74 |    26 |       ||   158
       Ring mail         |       |       |       |       |   394 |   420 ||   814
Dodge: Dodged            |    21 |    59 |   213 |   397 |   449 |   480 ||  1619
Block: Other             |       |       |       |     1 |   129 |       ||   130
       Reflection        |       |       |       |       |    23 |    25 ||    48
       Buckler           |       |       |       |       |   219 |   653 ||   872
